Map: Thunderbird LE

Players

SLeePY

  • Race: Terran Terran
  • Spawn Location: 5:00

OneShotKilla - Winner!

  • Race: Protoss Protoss
  • Spawn Location: 11:00

VOD

Have the link to the VOD?

Description

Time

  • Played on: Sept. 7, 2019, 2:46 p.m.
  • Length: 7:18
Show
View Real Time Build Order
Export as new Build Order

SLeePY Terran 

Build Orders:  

Get SALT Encoding   

  12  0:01  SCV  
  13  0:13  SCV  
  14  0:18  Supply Depot  
  14  0:25  SCV  
  15  0:39  SCV  
  15  0:41  Barracks  
  16  0:49  Refinery  
  16  0:51  SCV  
  17  1:03  SCV  
  18  1:15  SCV  
  19  1:30  Orbital Command  
  19  1:32  Marine  
  19  1:49  Command Center  
  19  1:58  SCV  
  19  2:01  Refinery  
  20  2:07  Factory  
  20  2:13  SCV  
  21  2:16  Barracks Reactor  
  21  2:25  SCV  
  22  2:34  Supply Depot  
  22  2:38  SCV  
  23  2:56  SCV  
  23  2:57  Starport  
  24  3:01  Barracks Reactor  
  24  3:02  Widow Mine x2  
  28  3:08  SCV  
  29  3:20  SCV  
  29  3:23  Widow Mine x2  
  34  3:32  SCV  
  34  3:33  Orbital Command  
  35  3:44  Barracks  
  35  3:45  Medivac x2  
  35  3:46  Barracks Tech Lab  
  35  3:47  SCV  
  40  3:57  Widow Mine  
  40  3:58  Widow Mine  
  40  3:59  SCV  
  45  4:10  SCV  
  45  4:16  Supply Depot x2  
  46  4:35  Factory Tech Lab  
  46  4:38  Marauder, Command Center, SCV x2  
  50  4:40  Barracks Reactor  
  50  4:48  Barracks  
  50  5:14  Liberator x2  
  41  5:32  Supply Depot  
  40  5:43  Marine x2  
  40  5:44  Siege Tank  
  40  5:45  Marine  
  40  5:46  Marauder, Marine  
  22  6:20  SCV  
  14  6:38  Factory Tech Lab  
  14  6:39  SCV  
  12  6:51  SCV  
  13  7:03  SCV  
Show
View Real Time Build Order
Export as new Build Order

OneShotKilla Protoss - Winner!

Build Orders:  

Get SALT Encoding   

  1  0:00  Probe  
  12  0:05  Probe  
  14  0:19  Pylon  
  14  0:21  Probe  
  15  0:30  Assimilator  
  15  0:37  Probe  
  16  0:47  Gateway  
  16  0:49  Probe  
  17  0:58  Probe  
  18  1:06  Probe  
  19  1:15  Probe  
  20  1:27  Probe  
  20  1:31  Pylon  
  21  1:39  Probe  
  22  1:45  Cybernetics Core  
  22  1:51  Probe  
  23  1:55  Gateway  
  23  2:03  Probe  
  24  2:12  Warp Gate  
  24  2:15  Probe  
  24  2:21  Forge  
  25  2:28  Probe  
  26  2:35  Twilight Council  
  26  2:37  Pylon, Stalker  
  28  2:40  Probe  
  29  2:54  Protoss Ground Weapons Level 1  
  29  2:57  Zealot  
  31  2:59  Probe  
  31  3:05  Charge  
  32  3:11  Probe  
  33  3:22  Gateway  
  33  3:23  Probe  
  33  3:24  Gateway  
  34  3:28  Zealot  
  36  3:35  Probe  
  36  3:37  Pylon, Zealot  
  39  3:48  Pylon  
  39  3:52  Pylon  
  39  3:55  Probe  
  40  4:01  Gateway  
  40  4:03  Gateway  
  40  4:07  Probe  
  41  4:15  Zealot x2  
  45  4:20  Zealot  
  47  4:27  Probe  
  48  4:33  Zealot  
  50  4:39  Probe, Zealot x2  
  55  4:47  Zealot  
  57  4:57  Zealot x2  
  61  5:00  Zealot  
  60  5:19  Zealot  
  46  5:57  Zealot  
  48  6:05  Probe  
  47  6:11  Zealot  
  47  6:13  Probe  
  50  6:20  Stalker  
  50  6:23  Probe  
  39  6:28  Zealot  
  38  6:35  Probe  
  37  6:40  Stalker  
  39  6:49  Stalker  
  39  6:54  Probe, Stalker  
  44  7:02  Probe  
Tags
 
Add a new tag
Caveats
  • Supply blocks, unpowered buildings, or Contaminate may cause inaccurate times.
  • Supply counts are checked every 10 seconds.